 Dungeon Crawl Stone Soup version 0.21.1-1-g345015f (webtiles) character file.

261 Monsterracer the Insei (level 6, 0/39 HPs)
             Began as an Octopode Transmuter on Feb 15, 2018.
             Was a Follower of Okawaru.
             Slain by a quokka (5 damage)
             ... on level 4 of the Dungeon.
             The game lasted 00:03:16 (2431 turns).

Monsterracer the Insei (Octopode Transmuter)        Turns: 2431, Time: 00:03:18

Health: 0/39       AC:  1    Str: 10    XL:     6   Next: 18%
Magic:  7/9        EV: 14    Int: 17    God:    Okawaru [*.....]
Gold:   78         SH:  0    Dex: 12    Spells: 3/9 levels left

rFire    . . .     SeeInvis .     - Unarmed
rCold    . . .     Gourm    .   (no shield)
rNeg     . . .     Faith    .   (helmet restricted)
rPois    .         Spirit   .   (no amulet)
rElec    .         Reflect  .   (no ring)
rCorr    .         Harm     .   (no ring)
MR       .....                  (no ring)
Stlth    +++.......             (no ring)
HPRegen  0.13/turn              (no ring)
MPRegen  0.11/turn              (no ring)
                                (no ring)
                                (no ring)

@: no status effects
A: almost no armour, stealthy swim, amphibious, 8 rings, constrict 8, camouflage
1, gelatinous body 1
a: Heroism, Renounce Religion


You were on level 4 of the Dungeon.
You worshipped Okawaru.
Okawaru was aware of your devotion.
You were hungry.

You visited 2 branches of the dungeon, and saw 5 of its levels.

You collected 78 gold pieces.

Inventory:

Missiles
 a - 61 arrows
Scrolls
 f - a scroll of fear {!r}
 h - a scroll of enchant armour
Potions
 d - a potion of ambrosia {!q}
 g - a potion of cancellation
Books
 b - a book of Changes

   Spells                             Type                      Level
   a - Beastly Appendage              Transmutation                1
   b - Sticks to Snakes               Transmutation                2
   c - Spider Form                    Transmutation/Poison         3
   d - Ice Form                       Ice/Transmutation            4
   e - Blade Hands                    Transmutation                5
Comestibles
 c - 5 rations


   Skills:
 + Level 2.3 Fighting
 + Level 3.0 Dodging
 + Level 3.1 Stealth
 * Level 4.4 Unarmed Combat
 - Level 2.0 Spellcasting
 + Level 3.0 Transmutations
 + Level 1.4 Invocations


You had 3 spell levels left.
You knew the following spells:

 Your Spells              Type           Power        Failure   Level  Hunger
a - Beastly Appendage     Tmut           ##....       5%          1    #......
b - Sticks to Snakes      Tmut           ##......     9%          2    ###....
c - Spider Form           Tmut/Pois      #.........   30%         3    ###....


Dungeon Overview and Level Annotations

Branches:
Dungeon (4/15)             Temple (1/1) D:4

Altars:
Ashenzari
Cheibriados
Elyvilon
Fedhas
Gozag
Makhleb
Okawaru
Trog
Vehumet
Wu Jian
Xom
The Shining One

Annotations:
D:3 RoseArtemis's ghost, amateur HONe


Innate Abilities, Weirdness & Mutations

You cannot wear most types of armour.
You are very stealthy in the water. (Stealth+)
You are amphibious.
You can wear up to eight rings at the same time.
You can use your tentacles to constrict eight enemies at once.
Your skin changes colour to match your surroundings (Stealth+).
Your rubbery body absorbs attacks. (AC +1, EV +1)


Message History

Eustachio gestures wildly while chanting.
An orc comes into view. It is wielding a morningstar.
You bite Eustachio!
Eustachio is heavily wounded.
Your transformation is almost over.
Eustachio misses you. The orc wizard misses you.
You hit Eustachio.
Eustachio is poisoned.
Eustachio is severely wounded.
The orc wizard closely misses you.
Eustachio casts a spell.
The quokka closely misses you.
You barely miss the orc wizard.
The orc wizard is severely wounded.
The river rat bites you. The orc wizard completely misses you.
The quokka misses you. Eustachio completely misses you.
The bat closely misses you.
You take 5 damage, and have 17/29 hp.
You hit Eustachio but do no damage.
Eustachio looks as sick as possible!
Eustachio is severely wounded.
The bat hits you but does no damage. The bat misses you.
The river rat closely misses you. The quokka bites you.
The orc wizard closely misses you.
Eustachio mumbles some strange words.
You hit the orc wizard but do no damage.
The orc wizard looks as sick as possible!
The orc wizard is severely wounded.
The bat barely misses you. The river rat barely misses you.
The quokka misses you. The orc wizard barely misses you.
Eustachio hits you with a rapier of draining.
You feel drained.
An orc comes into view. It is wielding a whip.
You take 2 damage, and have 15/29 hp.
The orc shouts!
You hit Eustachio.
Eustachio looks as sick as possible!
Eustachio is severely wounded.
You hear a shout!
You kill the orc wizard!
Okawaru accepts your kill. The bat hits you but does no damage.
The bat closely misses you. The quokka closely misses you.
The river rat completely misses you.
Eustachio hits you with a rapier of draining.
* * * LOW HITPOINT WARNING * * *
You feel drained.
* * * LOW HITPOINT WARNING * * *
The rat twitches its whiskers.
The rat misses you.
You take 7 damage, and have 8/29 hp.
MASSIVE DAMAGE!!
You hit Eustachio.
Eustachio is almost dead.
The bat closely misses you. x2; The quokka misses you.
The river rat closely misses you. The orc misses you.
You closely miss Eustachio.
Eustachio is almost dead.
The bat barely misses you. The quokka bites you.
* * * LOW HITPOINT WARNING * * *
The rat misses you. Eustachio closely misses you.
The river rat completely misses you. The orc completely misses you.
The quokka misses you.
An orc comes into view. It is wielding a hand axe.
You take 3 damage, and have 5/29 hp.
You hit the orc but do no damage. The bat barely misses you.
The rat completely misses you. Eustachio misses you. The river rat bites you.
* * * LOW HITPOINT WARNING * * *
The quokka misses you. The orc misses you.
You take 3 damage, and have 2/29 hp.
You hit Eustachio but do no damage.
Eustachio looks as sick as possible!
Eustachio is almost dead.
Your transformation has ended.
The bat misses you. The rat misses you.
Eustachio casts a spell.
The river rat barely misses you. The quokka barely misses you.
You tentacle-slap Eustachio.
You kill Eustachio!
Okawaru is honoured by your kill.
You can now gain great but temporary skills.
The river rat disappears in a puff of smoke!
The quokka disappears in a puff of smoke!
The bat disappears in a puff of smoke!
The quasit disappears in a puff of smoke!
The rat disappears in a puff of smoke!
Your life force feels restored.
Your Fighting skill increases to level 2!
Your Dodging skill increases to level 3!
Your Stealth skill increases to level 3!
Your Unarmed Combat skill increases to level 4!
Your Transmutations skill increases to level 3!
Your Invocations skill increases to level 1!
You have reached level 5!
You feel stronger.
You have reached level 6!
Your experience leads to an increase in your attributes!
Increase (S)trength, (I)ntelligence, or (D)exterity?
You feel clever. The orc barely misses you.
The orc throws a tomahawk.
The tomahawk misses you.
A quokka comes into view.
The orc throws a tomahawk.
The tomahawk misses you. The quokka barely misses you. The quokka bites you.
You die...

...#. #. #......(. #..
####.......#######...
.............##.....
##.....................
......................##
..................(.....##
...8.....................#
...............o@...##...##
...............r....###...#
...........o.......##
##..## ............o.....##
#...## ..........#.......#
##....# .........###.....##
#.##..## ≈.......## #....##
#####..## ...(....## ##..##
#...# ≈≈.......# ####
##..###


You could see 3 orcs and a quokka.

Vanquished Creatures
  Eustachio (D:4)
  An orc wizard (D:4)
  A howler monkey zombie (D:4)
  2 adders (D:2)
  An ooze (D:1)
  A worm (D:2)
  A dart slug (D:3)
  A leopard gecko (D:2)
  3 orcs
  6 bats
  2 giant cockroaches
  11 goblins
  4 hobgoblins
  A jackal (D:2)
  A ball python (D:4)
  2 frilled lizards (D:1)
  6 kobolds
  A quokka skeleton (D:4)
  2 rats
48 creatures vanquished.

Notes
Turn   | Place    | Note
-------+----------+-------------------------------------------
     0 | D:1      | Monsterracer the Octopode Transmuter began the quest for the Orb.
     0 | D:1      | Reached XP level 1. HP: 13/13 MP: 3/3
     1 | D:1      | Noticed an electric eel
   334 | D:1      | Reached skill level 1 in Stealth
   334 | D:1      | Reached XP level 2. HP: 18/18 MP: 5/5
   347 | D:1      | Learned a level 2 spell: Sticks to Snakes
   765 | D:2      | HP: 9/18 [kobold/stone (1)]
   766 | D:2      | Reached XP level 3. HP: 11/23 MP: 6/6
   771 | D:2      | HP: 8/23 [kobold/dagger (1)]
   778 | D:2      | Learned a level 3 spell: Spider Form
   837 | D:2      | HP: 8/23 [hobgoblin/club (4)]
  1124 | D:2      | Found a shattered altar of Ashenzari.
  1604 | D:2      | Reached XP level 4. HP: 28/28 MP: 7/7
  2152 | D:3      | Found a glowing golden altar of the Shining One.
  2172 | D:3      | Noticed RoseArtemis's ghost (amateur HONe)
  2234 | D:4      | Found a staircase to the Ecumenical Temple.
  2241 | Temple   | Entered the Ecumenical Temple
  2305 | Temple   | Became a worshipper of Warmaster Okawaru
  2387 | D:4      | Noticed Eustachio
  2408 | D:4      | HP: 10/29 [Eustachio/rapier of draining (5)]
  2411 | D:4      | HP: 2/29 [river rat[Eustachio] (3)]
  2413 | D:4      | Killed Eustachio
  2413 | D:4      | Reached * piety under Okawaru
  2413 | D:4      | Reached skill level 4 in Unarmed Combat
  2413 | D:4      | Reached skill level 1 in Invocations
  2413 | D:4      | Reached XP level 5. HP: 2/34 MP: 5/8
  2413 | D:4      | Reached XP level 6. HP: 3/39 MP: 5/9
  2431 | D:4      | Slain by a quokka

Skill      XL: |  1  2  3  4 |
---------------+-------------+-----
Stealth        | 1 2 3 |  3.1
Fighting       | 2 |  2.3
Dodging        | 3 |  3.0
Unarmed Combat | 4 |  4.4
Transmutations | 3 |  3.0
Invocations    | 1 |  1.4
Spellcasting   | |  2.0

Action                   |  1- 3 |  4- 6 || total
-------------------------+-------+-------++-------
Melee: Unarmed           |    77 |    50 ||   127
       Constrict         |    20 |    12 ||    32
       Tentacles         |    10 |     6 ||    16
       Punch             |     1 |     1 ||     2
 Cast: Spider Form       |       |     1 ||     1
  Use: Scroll            |       |     5 ||     5
 Stab: Sleeping          |     7 |     3 ||    10
       Distracted        |     2 |       ||     2
  Eat: Chunk             |     2 |     2 ||     4
Armor: Skin              |     7 |     4 ||    11
Dodge: Dodged            |    51 |    62 ||   113

Vault maps used:
D:1:      arrival_aquarium_a
D:2:      nicolae_overflow_hidden_temple, evilmike_ruin_ashenzari,
          minmay_octomino_j4
D:3:      nicolae_overflow_crystal_walls, chequers_ecumenical_altar_lobes
D:4:      overflow_temple_1_default, gammafunk_temple_overflow_statue,
          minmay_temple_entry_hall, first_ration, serial_undead,
          serial_undead_d, serial_undead_c, serial_undead_f, serial_undead_f,
          serial_undead_c, serial_undead_d, uniq_eustachio
Temple:   eino_wide_crystal_templ
